 Dungeon Crawl Stone Soup version 0.31-a0-233-g139696dc86 (webtiles) character file.

Game seed: 14573445377773188092

286 qw the Shooter (level 6, -5/37 HPs)
             Began as a Gargoyle Hexslinger on July 8, 2023.
             Was an Initiate of Okawaru.
             Slain by a troll (6 damage)
             ... on level 5 of the Dungeon.
             The game lasted 00:01:33 (3739 turns).

qw the Shooter (Gargoyle Hexslinger)                Turns: 3739, Time: 00:01:33

Health: -5/37      AC: 12    Str: 12    XL:     6   Next: 30%
Magic:  7/7        EV: 11    Int: 13    God:    Okawaru [......]
Gold:   255        SH:  0    Dex: 14    Spells: 6/7 levels left

rFire   . . .        Y - +2 sling
rCold   + . .        (no shield)
rNeg    + . .        d - +0 leather armour
rPois   inf          i - +1 helmet
rElec   +            (no cloak)
rCorr   .            e - +1 pair of gloves
SInv    .            j - +0 pair of boots
Will    +....        (no amulet)
Stlth   +            n - ring of willpower
HPRegen 0.26/turn    m - ring of protection from cold
MPRegen 0.10/turn

%: no passive effects
@: no status effects
A: sickness immunity, AC +4, negative energy resistance 1, electricity
resistance, torment resistance 1, petrification resistance
a: Renounce Religion


You were on level 5 of the Dungeon.
You worshipped Okawaru.
Okawaru was noncommittal.
You visited 2 branches of the dungeon, and saw 6 of its levels.

You collected 255 gold pieces.


Innate Abilities, Weirdness & Mutations

You are immune to sickness and miasma.
Your stone body is resilient. (AC +4)
You are immune to poison.
You resist negative energy. (rN+)
You are resistant to electric shocks. (rElec)
You are resistant to unholy torment.
You are immune to petrification.


   Skills:
 - Level 3.0 Fighting
 + Level 5.7 Ranged Weapons
 - Level 1.0 Armour
 - Level 1.5 Dodging
 - Level 1.0 Spellcasting
 - Level 2.6 Hexes


You had 6 spell levels left.
You knew the following spells:

 Your Spells              Type           Power      Damage    Failure   Level
a - Slow                  Hex            28%        N/A       12%         1

Your spell library contained the following spells:

 Spells                   Type           Power      Damage    Failure   Level
 Inner Flame              Hex/Fire       4%         N/A       52%         3
 Portal Projectile        Hex/Tloc       8%         N/A       52%         3
 Cause Fear               Hex            3%         N/A       75%         4

Inventory:

Hand Weapons
 Y - a +2 sling (weapon)
Armour
 d - a +0 leather armour (worn)
 e - a +1 pair of gloves (worn)
 i - a +1 helmet (worn)
 j - a +0 pair of boots (worn)
Jewellery
 m - a ring of protection from cold (right hand)
 n - a ring of willpower (left hand)
Scrolls
 a - a scroll of identify
 b - a scroll of teleportation
 o - a scroll of acquirement {unknown}
 p - a scroll of fear {unknown}
Potions
 c - a potion of curing
 f - a potion of mutation
 g - a potion of enlightenment
 h - a potion of haste
 k - a potion of ambrosia {unknown}
 l - a potion of attraction {unknown}

Dungeon Overview and Level Annotations

Branches:
Dungeon (5/15)             Temple (1/1) D:4

Altars:
Ashenzari
Dithmenos
Elyvilon
Fedhas
Hepliaklqana
Kikubaaqudgha
Makhleb
Nemelex Xobeh
Okawaru
Qazlal
Ru
Sif Muna
Trog
Uskayaw
Vehumet
Xom
Yredelemnul
Zin
The Shining One


Message History

Enter note:
Enter note:
Enter note: A troll comes into view.
Enter note:
Enter note: You shoot a sling bullet.
The sling bullet hits the troll but does no damage.
You shoot a sling bullet. The sling bullet hits the troll.
The troll is lightly wounded.
You shoot a sling bullet. The sling bullet hits the troll.
The troll is lightly wounded.
You shoot a sling bullet. The sling bullet hits the troll.
The troll is lightly wounded.
You shoot a sling bullet. The sling bullet hits the troll.
The troll is lightly wounded.
You shoot a sling bullet.
The sling bullet barely misses the troll.
The troll closely misses you. The troll claws you.
The troll claws you but does no damage.
You shoot a sling bullet.
The sling bullet barely misses the troll.
The troll closely misses you.
The troll claws you but does no damage. x2
You shoot a sling bullet. The sling bullet hits the troll.
The troll is moderately wounded.
The troll bites you! The troll completely misses you. The troll claws you.
You shoot a sling bullet.
The sling bullet hits the troll but does no damage.
The troll is moderately wounded.
The troll barely misses you. x2; The troll misses you.
You shoot a sling bullet. The sling bullet hits the troll.
The troll is moderately wounded.
The troll bites you but does no damage. The troll barely misses you.
The troll claws you.
You shoot a sling bullet. The sling bullet hits the troll.
The troll is moderately wounded.
The troll bites you! The troll claws you! The troll closely misses you.
The troll bites you but does no damage. The troll claws you but does no damage.
The troll claws you.
You die...

#.#####.................
........#........###..
..#####.#.#.##.#.###. #
#.#.#.##.#.##...#
#..#####.....##.#.##.#.#
##
#...............#.##.#.#
#.
#.#######...#####.##.#.#
#.
##.....##.##.#.#######.
#####@##..............
#T#####.........#.
#.######.#......>.
#.......###..##...
#..#####.#........ #..#
##)#.#####. #..# #.#.#
#. #..# #.#.# ## #.#.# #


You could see a troll.

Vanquished Creatures
  A hound (D:4)
  A sleepcap (D:5)
  Natasha (D:2)
  An iguana (D:4)
  6 adders
  2 worms
  5 dart slugs
  7 orcs
  8 ball pythons
  4 bats
  11 endoplasms
  5 giant cockroaches
  11 hobgoblins
  3 jackals (D:3)
  5 quokkas
  4 frilled lizards
  7 goblins
  7 kobolds
  6 rats
95 creatures vanquished.

Notes
Turn   | Place    | Note
-------+----------+-------------------------------------------
     0 | D:1      | qw the Gargoyle Hexslinger began the quest for the Orb.
     0 | D:1      | Reached XP level 1. HP: 12/12 MP: 2/2
     0 | D:1      | 0 ||| qw: Version: 0.3-a-46-gb1f654a
     0 | D:1      | 0 ||| qw: Game counter: 3578
     0 | D:1      | 0 ||| qw: Melee chars always use a shield: true
     0 | D:1      | 0 ||| qw: God list: Okawaru
     0 | D:1      | 0 ||| qw: Allow faded altars: false
     0 | D:1      | 0 ||| qw: Do Orc after clearing Dungeon:15 true
     0 | D:1      | 0 ||| qw: Do second Lair branch before Depths: true
     0 | D:1      | 0 ||| qw: Lair rune preference: random
     0 | D:1      | 0 ||| qw: Goals: Normal
     0 | D:1      | 0 ||| PLANNING D:1-11
    67 | D:1      | Reached XP level 2. HP: 16/16 MP: 3/3
   218 | D:1      | Reached skill level 3 in Ranged Weapons
   339 | D:1      | Reached XP level 3. HP: 21/21 MP: 4/4
   549 | D:1      | 549 ||| UPGRADING to +1 pair of gloves.
   554 | D:1      | 554 ||| READING 3 scrolls labelled MUDAARAY PIFEI.
   555 | D:1      | 555 ||| READING scroll labelled RALARI XYULO.
   556 | D:1      | 556 ||| READING 2 scrolls of identify.
   556 | D:1      | 556 ||| IDENTIFYING amethyst potion
   557 | D:1      | 557 ||| DROPPING scroll of poison.
   821 | D:2      | You fall into a shaft and drop 2 floors!
   833 | D:4      | Reached XP level 4. HP: 26/26 MP: 5/5
   970 | D:4      | Reached skill level 4 in Ranged Weapons
  1081 | D:4      | 1081 ||| UPGRADING to +1 helmet.
  1086 | D:4      | 1086 ||| UPGRADING to +0 pair of boots.
  1091 | D:4      | 1091 ||| DROPPING ring of flight.
  1092 | D:4      | 1092 ||| READING 2 scrolls labelled AHOCKO GYKKEPIK.
  1177 | D:4      | 1177 ||| READING scroll labelled WADOITHIMP.
  1178 | D:4      | 1178 ||| READING scroll labelled PAF PIWUTHRIHU.
  1179 | D:4      | 1179 ||| DRINKING 2 lumpy red potions.
  1185 | D:4      | 1185 ||| UPGRADING to +0 leather armour.
  1195 | D:4      | 1195 ||| DROPPING +0 robe.
  1214 | D:4      | Found Gumoj's Weapon Emporium.
  1243 | D:4      | Identified the +6 war axe of Broken Luck {freeze, rCorr}
  1282 | D:4      | 1282 ||| READING 3 scrolls of identify.
  1282 | D:4      | 1282 ||| IDENTIFYING fizzy orange potion
  1283 | D:4      | 1283 ||| READING 2 scrolls of identify.
  1283 | D:4      | 1283 ||| IDENTIFYING sapphire potion
  1314 | D:3      | Reached skill level 1 in Armour
  1314 | D:3      | Reached XP level 5. HP: 30/30 MP: 6/6
  1652 | D:3      | 1652 ||| READING scroll labelled MUHIGG DIXEEQO.
  1713 | D:2      | Reached skill level 5 in Ranged Weapons
  1921 | D:2      | Noticed Natasha
  1922 | D:2      | 1922 ||| Stepping ~*~*~tactically~*~*~ (outnumbered).
  1940 | D:2      | Killed Natasha
  1941 | D:2      | Reached skill level 3 in Fighting
  2140 | D:2      | 2140 ||| UPGRADING to ring of willpower.
  2141 | D:2      | 2141 ||| READING scroll labelled ETHYIC UGIWAE.
  2142 | D:2      | 2142 ||| READING 2 scrolls of identify.
  2142 | D:2      | 2142 ||| IDENTIFYING inky potion
  2143 | D:2      | 2143 ||| DROPPING potion of lignification.
  2464 | D:3      | Reached XP level 6. HP: 37/37 MP: 7/7
  2591 | D:3      | Found a faded altar of an unknown god.
  2999 | D:3      | 2999 ||| DROPPING +1 pair of gloves.
  3000 | D:3      | 3000 ||| READING scroll labelled XOYJUH WOAPU.
  3355 | D:4      | Found a staircase to the Ecumenical Temple.
  3356 | D:4      | 3356 ||| PLANNING TEMPLE
  3356 | D:4      | 3356 ||| UPGRADING to ring of protection from cold.
  3369 | Temple   | Entered the Ecumenical Temple
  3375 | Temple   | 3375 ||| PLANNING OKAWARU WORSHIP
  3541 | Temple   | Became a worshipper of Warmaster Okawaru
  3542 | Temple   | 3542 ||| PLANNING D:1-11
  3579 | D:5      | Entered Level 5 of the Dungeon
  3728 | D:5      | Noticed a troll
  3739 | D:5      | HP: 8/37 [troll (13)]
  3739 | D:5      | HP: 1/37 [troll (7)]
  3739 | D:5      | Slain by a troll

Levels and vault maps discovered:
D:1:      noname_arrival_rooms_in_the_neighbourhood, layout_basic, st_stairs_9,
          minmay_misc_feat_cross, minmay_tall_x
D:2:      layout_basic, uniq_natasha
D:3:      layout_basic, hellmonk_ecumenical_altar_inner_sanctum
D:4:      layout_basic, minmay_temple_entry_nine_rooms, serial_shops,
          kennysheep_mini, kennysheep_generic_room_5
D:5:      layout_loops_ring, gammafunk_temple_overflow_pools
Temple:   nicolae_temple_bog_church

Skill      XL: |  1  2  3  4  5 |
---------------+----------------+-----
Ranged Weapons | 3 4 5 |  5.7
Fighting       | 2 3 |  3.0
Armour         | 1 |  1.0
Dodging        | |  1.5
Spellcasting   | |  1.0
Hexes          | |  2.6

Action                     |  1- 3 |  4- 6 || total
---------------------------+-------+-------++-------
   Fire: Sling             |   130 |   264 ||   394
    Use: Scroll            |     3 |     9 ||    12
         Potion            |       |     1 ||     1
 Armour: Robe              |    20 |    39 ||    59
         Leather armour    |       |    63 ||    63
  Dodge: Dodged            |    44 |   117 ||   161

Table legend:
 A = Non-vault XP
 B = Vault XP
 C = Vault XP percentage of total XP
 D = Non-vault monster count
 E = Vault monster count
 F = Vault count percentage of total count
                 A         B        C        D         E       F
            +---------+---------+-------+---------+---------+-------
      Total |     316 |      93 |  22.7 |      86 |       9 |   9.5
            +---------+---------+-------+---------+---------+-------
        D:1 |      33 |      10 |  23.3 |      19 |       6 |  24.0
        D:2 |      72 |      35 |  32.7 |      22 |       1 |   4.3
        D:3 |      79 |       0 |   0.0 |      22 |       0 |   0.0
        D:4 |      94 |      48 |  33.8 |      22 |       2 |   8.3
        D:5 |      38 |       0 |   0.0 |       1 |       0 |   0.0
            +---------+---------+-------+---------+---------+-------
